 Dungeon Crawl Stone Soup version 0.25-a0-435-g4b9beb1024 (webtiles) character file.

Game seed: 12713167191780314048, levelgen mode: deterministic

27393 Elellon the Thaumaturge (level 13, -16/76 HPs)
             Began as a Deep Elf Conjurer on Jan 25, 2020.
             Was a High Priest of Vehumet.
             Shot with a bolt by a yaktaur (35 damage)
             ... in a volcano.
             The game lasted 00:56:05 (21607 turns).

Elellon the Thaumaturge (Deep Elf Conjurer)        Turns: 21607, Time: 00:56:06

Health: -16/76     AC:  5    Str:  7    XL:     13   Next: 4%
Magic:  15/33      EV: 21    Int: 26    God:    Vehumet [*****.]
Gold:   629        SH:  0    Dex: 15    Spells: 15/41 levels left

rFire    + . .     SeeInvis .   I - staff of wizardry
rCold    . . .     Gourm    .   (no shield)
rNeg     . . .     Faith    .   e - +1 robe {rF+}
rPois    .         Spirit   .   v - +0 helmet
rElec    .         Reflect  .   N - scarf {cloud immunity}
rCorr    .         Harm     .   (no gloves)
MR       +....                  C - +0 pair of boots
Stlth    ++........             (no amulet)
HPRegen  0.22/turn              p - +2 ring of intelligence
MPRegen  0.23/turn              q - +2 ring of evasion

@: no status effects
A: no striking features
a: Renounce Religion


You were in a volcano.
You worshipped Vehumet.
Vehumet was extremely pleased with you.
You were not hungry.

You visited 3 branches of the dungeon, and saw 17 of its levels.
You also visited: Gauntlet and Volcano.

You collected 1293 gold pieces.
You spent 664 gold pieces at shops.

Inventory:

Armour
 e - a +1 robe of fire resistance (worn)
 t - a +0 robe of the Archmagi
 v - a +0 helmet (worn)
 C - a +0 pair of boots (worn)
 N - a scarf of cloud immunity (worn)
 V - a +1 cloak
Magical Staves
 o - an uncursed staff of poison
 I - an uncursed staff of wizardry (weapon)
Jewellery
 b - an uncursed ring of poison resistance
 l - an uncursed ring of ice
 p - a +2 ring of intelligence (left hand)
 q - a +2 ring of evasion (right hand)
 w - an uncursed ring of ice
 z - an uncursed ring of protection from cold
 D - an uncursed ring of positive energy
 Q - an uncursed ring of ice
Wands
 A - a wand of polymorph (8)
 E - a wand of enslavement (12)
 F - a wand of disintegration (15)
 G - a wand of acid (14)
 H - a wand of clouds (28)
 R - a wand of scattershot (2)
 S - a wand of digging (10)
 W - a wand of random effects (23)
Scrolls
 a - a scroll of immolation
 f - 10 scrolls of identify
 h - 3 scrolls of magic mapping
 i - 2 scrolls of fog
 j - 10 scrolls of remove curse
 k - 4 scrolls of noise
 r - 5 scrolls of fear
 s - 6 scrolls of enchant armour
 u - 3 scrolls of blinking
 x - 2 scrolls of enchant weapon
 y - 8 scrolls of teleportation
 K - a scroll of vulnerability {unknown}
 M - 2 scrolls of amnesia {unknown}
 X - a scroll of brand weapon {unknown}
Potions
 d - 2 potions of brilliance
 g - 3 potions of mutation
 m - 2 potions of cancellation
 B - a potion of flight
 J - 2 potions of curing
 L - a potion of agility
 O - a potion of haste
 P - 2 potions of lignification
 T - a potion of invisibility {unknown}
 U - a potion of magic {unknown}
Comestibles
 c - 26 rations


   Skills:
 + Level 7.0 Fighting
 - Level 10.0 Dodging
 - Level 2.4 Stealth
 + Level 14.7 Spellcasting
 - Level 11.9 Conjurations
 + Level 6.0 Translocations
 * Level 9.4 Fire Magic
 + Level 4.4 Poison Magic


You had 15 spell levels left.
You knew the following spells:

 Your Spells              Type           Power        Failure   Level  Hunger
a - Magic Dart            Conj           ####         0%          1    None
b - Searing Ray           Conj           ######       1%          2    None
c - Iskenderun's Mystic   Conj/Tloc      ######..     1%          4    None
d - Inner Flame           Hex/Fire       #####...     1%          3    None
e - Sticky Flame          Conj/Fire      ######..     1%          4    None
f - Mephitic Cloud        Conj/Pois/Air  #####...     1%          3    None
g - Olgreb's Toxic Radia  Pois           #####...     1%          4    None
h - Bolt of Magma         Conj/Fire/Erth ######....   1%          5    #......

Your spell library contained the following spells:

 Spells                   Type           Power        Failure   Level  Hunger
 Sting                    Tmut/Pois      ####         1%          1    None
 Summon Small Mammal      Summ           ###.         1%          1    None
 Call Imp                 Summ           ###.....     1%          2    None
 Poisonous Vapours        Pois/Air       ####..       1%          2    None
 Conjure Flame            Conj/Fire      ######..     1%          3    None
 Dazzling Flash           Conj/Hex       ######       1%          3    None
 Gell's Gravitas          Tloc           ######....   1%          3    None
 Ignite Poison            Fire/Tmut/Pois #####...     1%          3    None
 Fulminant Prism          Conj/Hex       ######....   1%          4    None
 Call Canine Familiar     Summ           ###.....     3%          3    None
 Confusing Touch          Hex            ###.....     3%          3    None
 Summon Guardian Golem    Hex/Summ       ###.....     3%          3    None
 Yara's Violent Unravell  Hex/Tmut       ###.......   9%          5    #......
 Freezing Cloud           Conj/Ice/Air   #####.....   10%         6    ####...
 Ice Form                 Ice/Tmut       ###.....     12%         4    None
 Petrify                  Tmut/Erth      ###.....     12%         4    None
 Summon Ice Beast         Ice/Summ       ###.....     12%         4    None
 Summon Lightning Spire   Summ/Air       ###.....     12%         4    None
 Metabolic Englaciation   Hex/Ice        ###.......   30%         5    #......
 Ozocubu's Refrigeration  Ice            ###.......   38%         6    ####...
 Ring of Flames           Chrm/Fire      #####.....   77%         7    ######.
 Simulacrum               Ice/Necr       ###.......   83%         6    ####...


Dungeon Overview and Level Annotations

Branches:
Dungeon (13/15)            Temple (1/1) D:6            Lair (3/6) D:10
 Shoals (0/4) Lair:3          Orc (0/2) D:9         Volcano (1/1)
Gauntlet (visited)
  Snake: Lair:2-4    Spider: Lair:2-4    Vaults: D:13-14

Altars:
Hepliaklqana
Makhleb
Okawaru
Qazlal
Vehumet
The Shining One

Shops:
D:7 [*(:   D:8 *:%?   D:9 [([   D:12 *

Annotations:
D:9 Maggie
D:10 2 transporters, Melvin's ghost, journeyman MiBe
D:11 exclusion: hydra
Lair:1 1 runed translucent door, dricus's ghost, journeyman KoBe


Message History

The bolt completely misses you.
Casting: Iskenderun's Mystic Blast (safe; 1% risk of failure)
Confirm with . or Enter, or press ? or * to list all spells.
Aiming: Searing Ray (safe; 1% risk of failure)
Press: ? - help, Shift-Dir - straight line, f - yaktaur
Aim: a yaktaur, wielding a +0 arbalest of flaming and quivering 31 bolts (moderately wounded)
The searing ray hits the yaktaur!
The yaktaur is severely wounded. (Press . to maintain the ray.)
The yaktaur shoots a bolt.
The bolt hits you!
* * * LOW HITPOINT WARNING * * *
The bolt burns you.
* * * LOW HITPOINT WARNING * * *
The searing ray hits the yaktaur!
You kill the yaktaur!
Vehumet accepts your kill.
You feel your power returning.
In the distance, the volcano erupts with a roar.
The yaktaur shoots a bolt.
The bolt hits you!!
You die...

####### ..#☼
+!$.c!'...# .
#..≈..#...
..#8≈≈≈8#..
..'..≈..'.
..)..)..' ≈
#8...8# #≈
§≈###§§).@###§§
§≈§§§§..((§§§§§§#
#≈§§§8...8≈≈§§§§#
##≈≈.....≈≈≈≈≈##
#≈≈.....≈§≈###
##≈8...8≈≈§#
##.....####
#.....# #8...8#


You could see a yaktaur.

Vanquished Creatures
  2 hydras (Lair:3)
  A centaur warrior (Volcano)
  A queen ant (Lair:2)
  2 two-headed ogres
  Urug (Lair:3)
  3 unseen horrors
  Pikel (D:8)
  2 black mambas
  Maurice (D:11)
  A gargoyle (D:12)
  5 spiny frogs
  2 yaktaurs (Volcano)
  A yaktaur (shapeshifter) (D:13)
  A rime drake (Lair:1)
  2 trolls (D:12)
  7 hippogriffs
  A shadow (D:12)
  A water elemental (D:11)
  2 wyverns
  20 yaks
  Grum (D:11)
  A human (D:12)
  4 basilisks
  2 hungry ghosts
  3 fire bats (Lair:3)
  7 soldier ants (Lair:2)
  2 water moccasins
  9 orc warriors
  8 porcupines
  3 black bears
  5 sky beasts
  2 slaves (D:8)
  An eye of draining (D:12)
  3 ice beasts
  12 wolves
  2 ogres
  7 centaurs
  8 crocodiles
  A big kobold (D:10)
  11 bullfrogs
  A wyvern zombie (D:7)
  6 scorpions
  9 killer bees
  3 wights (D:9)
  5 howler monkeys
  4 crimson imps
  A bullfrog zombie (D:12)
  2 centaur zombies
  A quasit (D:10)
  A hound (D:6)
  A jelly (D:10)
  7 orc priests
  3 centaur skeletons
  14 orc wizards
  5 bullfrog skeletons
  4 iguanas
  27 worker ants
  3 hound skeletons
  A howler monkey zombie (D:6)
  3 gnolls (D:3)
  A worker ant zombie (D:6)
  15 adders
  2 adder skeletons
  2 worms
  A dart slug (D:1)
  5 leopard geckos
  48 orcs
  7 bats
  5 giant cockroaches
  9 goblins
  5 hobgoblins
  2 quokkas
  3 frilled lizards
  A jackal zombie (D:6)
  20 kobolds
  2 leopard gecko skeletons
  10 rats
  A butterfly (Lair:3)
  A fungus (Lair:3)
  A plant (D:10)
391 creatures vanquished.

Vanquished Creatures (others)
  A slave (D:8)
  3 fungi (Lair:1)
  3 plants
7 creatures vanquished.

Grand Total: 398 creatures vanquished

Notes
Turn   | Place    | Note
-------+----------+-------------------------------------------
     0 | D:1      | Elellon the Deep Elf Conjurer began the quest for the Orb.
     0 | D:1      | Reached XP level 1. HP: 10/10 MP: 6/6
   208 | D:1      | Reached XP level 2. HP: 15/15 MP: 2/8
   569 | D:1      | Reached skill level 4 in Spellcasting
   614 | D:1      | Reached XP level 3. HP: 19/19 MP: 1/10
   832 | D:1      | Reached skill level 5 in Conjurations
  1206 | D:2      | Learned a level 2 spell: Searing Ray
  1304 | D:2      | Reached XP level 4. HP: 24/24 MP: 5/12
  1544 | D:2      | Reached skill level 5 in Spellcasting
  2405 | D:3      | Reached XP level 5. HP: 28/28 MP: 9/15
  3402 | D:3      | Reached skill level 6 in Spellcasting
  3476 | D:3      | Found a radiant altar of Vehumet.
  3655 | D:3      | Became a worshipper of Vehumet
  3760 | D:4      | Found a burning altar of Makhleb.
  3776 | D:4      | Found a hazy altar of Hepliaklqana.
  4133 | D:4      | Reached XP level 6. HP: 32/32 MP: 12/17
  5471 | D:5      | Entered Level 5 of the Dungeon
  5558 | D:5      | Reached skill level 7 in Spellcasting
  5608 | D:5      | Reached XP level 7. HP: 27/36 MP: 6/20
  6022 | D:5      | Reached * piety under Vehumet
  6022 | D:5      | Offered knowledge of Sandblast by Vehumet.
  6064 | D:5      | Reached skill level 8 in Spellcasting
  6537 | D:6      | Found a staircase to the Ecumenical Temple.
  6544 | Temple   | Entered the Ecumenical Temple
  6715 | D:6      | Learned a level 4 spell: Iskenderun's Mystic Blast
  6727 | D:6      | Found an iron altar of Okawaru.
  6906 | D:6      | Reached skill level 9 in Spellcasting
  6906 | D:6      | Reached XP level 8. HP: 41/41 MP: 16/23
  7434 | D:7      | Reached ** piety under Vehumet
  7541 | D:7      | Offered knowledge of Shock by Vehumet.
  7759 | D:7      | Found Mimuwul's Assorted Antiques.
  7767 | D:7      | Reached skill level 10 in Spellcasting
  7814 | D:7      | Found Dawelil's Weapon Boutique.
  7820 | D:7      | Noticed a hippogriff
  7827 | D:7      | Killed a hippogriff
  8002 | D:7      | Found Neucvess's Armour Shoppe.
  8320 | D:7      | Found Dirowushoe's Book Shop.
  8582 | D:8      | Found Unkir's Book Emporium.
  8684 | D:8      | Found Nupn's Assorted Antiques.
  8717 | D:8      | Bought a scroll of identify for 72 gold pieces
  8837 | D:8      | Reached skill level 10 in Conjurations
  8837 | D:8      | Reached XP level 9. HP: 32/46 MP: 18/25
  8839 | D:8      | Reached skill level 1 in Fighting
  8839 | D:8      | Reached skill level 11 in Spellcasting
  8976 | D:8      | Found Zockuocu's Magic Scroll Boutique.
  8985 | D:8      | Bought a scroll of identify for 28 gold pieces
  8985 | D:8      | Bought a scroll of identify for 28 gold pieces
  8985 | D:8      | Bought a scroll of identify for 28 gold pieces
  8985 | D:8      | Bought a scroll of identify for 28 gold pieces
  9174 | D:8      | Found Omog's Food Emporium.
  9325 | D:8      | Noticed Pikel
  9332 | D:8      | Killed Pikel
  9441 | D:8      | Found a glowing golden altar of the Shining One.
 10007 | D:9      | Offered knowledge of Inner Flame by Vehumet.
 10020 | D:9      | Learned a level 3 spell: Inner Flame
 10176 | D:9      | Found Dodogod's Weapon Shoppe.
 10178 | D:9      | Found a staircase to the Orcish Mines.
 10434 | D:8      | Reached skill level 5 in Dodging
 10575 | D:9      | Found Ymecw's Armour Shoppe.
 10600 | D:8      | HP: 1/50 [killer bee (7)]
 10901 | D:9      | Reached *** piety under Vehumet
 11008 | D:9      | Reached skill level 12 in Spellcasting
 11111 | D:9      | Noticed Maggie
 11136 | D:9      | Reached XP level 10. HP: 56/56 MP: 17/28
 11353 | D:9      | Found a stormy altar of Qazlal.
 11616 | D:9      | Noticed a two-headed ogre
 11622 | D:9      | Killed a two-headed ogre
 11754 | D:9      | Found Imotyn's Armour Boutique.
 12071 | D:10     | Entered Level 10 of the Dungeon
 12112 | D:10     | Offered knowledge of Stone Arrow by Vehumet.
 12470 | D:10     | Found a staircase to the Lair.
 12645 | D:10     | Reached skill level 13 in Spellcasting
 12733 | D:10     | Found a transporter.
 12735 | D:10     | Noticed Melvin's ghost (journeyman MiBe)
 12737 | D:10     | Found a transporter.
 12781 | D:10     | Reached **** piety under Vehumet
 13000 | D:10     | Offered knowledge of Sticky Flame by Vehumet.
 13007 | D:10     | Learned a level 4 spell: Sticky Flame
 13187 | D:10     | Reached skill level 5 in Fighting
 13502 | D:11     | Found a gate leading to a gauntlet.
 13514 | Gauntlet | Entered a Gauntlet
 13514 | Gauntlet | Found a transporter.
 13514 | Gauntlet | Found a transporter.
 13514 | Gauntlet | Found a transporter.
 13514 | Gauntlet | Noticed a tengu warrior
 13515 | Gauntlet | Found a transporter.
 13516 | Gauntlet | Found a transporter.
 13519 | Gauntlet | Found a transporter.
 13527 | Gauntlet | Found a transporter.
 13527 | Gauntlet | Noticed a tengu warrior
 13528 | Gauntlet | Found a transporter.
 13530 | Gauntlet | Found a transporter.
 13530 | Gauntlet | Found a transporter.
 13532 | Gauntlet | Noticed a wretched star
 13538 | Gauntlet | Noticed a hell beast
 13539 | Gauntlet | Found a transporter.
 13643 | Gauntlet | Found a transporter.
 13989 | D:11     | Identified the +8 rapier of Veruur {antimagic, rF+ MR+
                  | Dex+7}
 14099 | D:11     | Reached skill level 1 in Fire Magic
 14115 | D:11     | Noticed Maurice
 14122 | D:11     | Killed Maurice
 14122 | D:11     | Reached XP level 11. HP: 59/63 MP: 23/30
 14235 | D:11     | Noticed Grum
 14245 | D:11     | Killed Grum
 14468 | D:11     | Noticed a seven-headed hydra
 15446 | D:12     | Reached skill level 1 in Translocations
 15589 | D:12     | Killed an unseen horror
 15611 | D:12     | Noticed a two-headed ogre
 15795 | D:12     | Killed a two-headed ogre
 16015 | D:12     | Reached skill level 5 in Fire Magic
 16033 | D:12     | Killed an unseen horror
 16487 | D:12     | Found Byatul's Serpentskin Sales.
 16573 | D:13     | Noticed a centaur warrior
 16853 | D:13     | Killed an unseen horror
 16853 | D:13     | Reached skill level 14 in Spellcasting
 16853 | D:13     | Reached XP level 12. HP: 19/70 MP: 4/32
 16854 | D:13     | Noticed a seven-headed hydra
 17224 | D:7      | Bought a Young Poisoner's Handbook for 480 gold pieces
 17228 | D:7      | Learned a level 3 spell: Mephitic Cloud
 17233 | D:7      | Learned a level 4 spell: Olgreb's Toxic Radiance
 17330 | Lair:1   | Entered Level 1 of the Lair of Beasts
 17576 | Lair:1   | Found the +0 sword of Power
 17607 | Lair:1   | Reached skill level 1 in Poison Magic
 17897 | Lair:1   | Found a runed translucent door.
 17897 | Lair:1   | Noticed dricus's ghost (journeyman KoBe)
 18214 | Lair:1   | Reached ***** piety under Vehumet
 18739 | Lair:2   | Offered knowledge of Bolt of Magma by Vehumet.
 18763 | Lair:2   | Learned a level 5 spell: Bolt of Magma
 19730 | Lair:2   | Reached skill level 5 in Translocations
 19750 | Lair:2   | Noticed a queen ant
 20372 | Lair:1   | Upgraded the game from 0.25-a0-426-g7d9e569eea to
                  | 0.25-a0-435-g4b9beb1024
 20535 | Lair:2   | Killed a queen ant
 20535 | Lair:2   | Reached skill level 10 in Dodging
 21047 | Lair:3   | Noticed a four-headed hydra
 21053 | Lair:3   | Killed a four-headed hydra
 21264 | Lair:3   | Noticed a seven-headed hydra
 21269 | Lair:3   | Killed a seven-headed hydra
 21359 | Lair:3   | Noticed Urug
 21367 | Lair:3   | Killed Urug
 21508 | Lair:3   | Found a dark tunnel.
 21517 | Volcano  | Entered a volcano
 21590 | Volcano  | Noticed a centaur warrior
 21598 | Volcano  | Killed a centaur warrior
 21598 | Volcano  | Reached XP level 13. HP: 53/76 MP: 24/33
 21607 | Volcano  | Shot with a bolt by a yaktaur

Levels and vault maps discovered:
D:1:      grunt_arrival_lava_bath, layout_rooms, hangedman_feature_mirror,
          minivault_11, roderic_serpentine_path, lemuel_flame_loot_1
D:2:      layout_loops_ring, first_ration
D:3:      layout_basic, lemuel_coloured_pillars_altar, hex_medium
D:4:      layout_basic, gammafunk_temple_overflow_statue
D:5:      layout_basic
D:6:      layout_basic, nicolae_overflow_hidden_temple,
          minmay_temple_entry_wispy, nicolae_underground_beach
D:7:      layout_cave_pools, serial_shops, shop, shop,
          nicolae_shop_behind_doors, shop_statue, st_stairs_12
D:8:      layout_loops_corners, kennysheep_mini, serial_shops, shop,
          nicolae_shop_temple_entry_statues_fountains, shop, shop, uniq_pikel
D:9:      layout_irregular_city, kennysheep_little_box, orc_david_3,
          serial_shops, shop_statue, uniq_maggie
D:10:     layout_loops_ring, minmay_lair_entry_grove, gammafunk_ghost_hive
D:11:     layout_basic, gauntlet_entry_generic, uniq_grum, uniq_maurice
D:12:     cheibrodos_quadrivalence, layout_basic, grunt_pizzeria,
          guppyfry_shop_venom
D:13:     layout_roguey, grunt_vaults_entry_fortified, serial_rivers,
          chequers_serial_rivers_micro_a, chequers_serial_rivers_micro_b,
          chequers_serial_rivers_marsh, chequers_serial_rivers_small_b,
          chequers_serial_rivers_large_a, chequers_serial_rivers_small_3
Temple:   nicolae_temple_elliptical
Lair:1:   layout_chaotic_city, ebering_ghost_reflecting_pool,
          serial_bayou_shore_b, grunt_megastairs_2
Lair:2:   layout_layer_cave, zaba_antful_of_joy, grunt_megastairs_1
Lair:3:   layout_cave_pods, elwin_shoals_entry_rooms,
          nicolae_volcano_entry_batcave, lemuel_fruit_fields, uniq_urug,
          uniq_snorg
Volcano:  kennysheep_volcano_temple

Skill      XL: |  1  2  3  4  5  6  7  8  9 10 11 12 |
---------------+-------------------------------------+-----
Spellcasting   | 4 5 6 7 9 10 12 13 14 | 14.7
Conjurations   | 5 6 7 8 10 11 | 11.9
Dodging        | 3 5 8 9 10 | 10.0
Fighting       | 3 5 6 7 |  7.0
Fire Magic     | 1 6 9 |  9.4
Translocations | 3 6 |  6.0
Poison Magic   | 4 |  4.4
Stealth        | |  2.4

Action                   |  1- 3 |  4- 6 |  7- 9 | 10-12 | 13-15 || total
-------------------------+-------+-------+-------+-------+-------++-------
Melee: Staff             |       |       |       |     5 |       ||     5
 Cast: Magic Dart        |    63 |   118 |   198 |   193 |       ||   572
       Searing Ray       |       |    15 |    52 |   161 |     2 ||   230
       Iskenderun's Myst |       |       |     3 |    86 |     2 ||    91
       Mephitic Cloud    |       |       |       |    10 |       ||    10
  Use: Scroll            |       |    10 |     6 |    10 |       ||    26
       Potion            |       |       |     3 |     5 |       ||     8
  Eat: Chunk             |     1 |    10 |    13 |    24 |       ||    48
       Ration            |       |     1 |     1 |     2 |       ||     4
Armor: Robe              |     1 |       |    11 |    16 |       ||    28
Dodge: Dodged            |     4 |     5 |    63 |   116 |     3 ||   191

Table legend:
 A = Non-vault XP
 B = Vault XP
 C = Vault XP percentage of total XP
 D = Non-vault monster count
 E = Vault monster count
 F = Vault count percentage of total count
                 A         B        C        D         E       F
            +---------+---------+-------+---------+---------+-------
      Total |   27838 |   11296 |  28.9 |     310 |      76 |  19.7
            +---------+---------+-------+---------+---------+-------
        D:1 |      47 |       3 |   6.0 |      28 |       2 |   6.7
        D:2 |     122 |       0 |   0.0 |      21 |       0 |   0.0
        D:3 |     131 |       0 |   0.0 |      19 |       0 |   0.0
        D:4 |     222 |       0 |   0.0 |      18 |       0 |   0.0
        D:5 |     449 |       0 |   0.0 |      24 |       0 |   0.0
        D:6 |     745 |       0 |   0.0 |      17 |       0 |   0.0
        D:7 |     782 |      14 |   1.8 |      10 |       1 |   9.1
        D:8 |     886 |     759 |  46.1 |      17 |       2 |  10.5
        D:9 |    2536 |     424 |  14.3 |      28 |       6 |  17.6
       D:10 |    1479 |    1742 |  54.1 |      28 |      11 |  28.2
       D:11 |    1125 |     871 |  43.6 |      13 |       4 |  23.5
       D:12 |    6956 |     361 |   4.9 |      33 |       3 |   8.3
       D:13 |    2658 |       0 |   0.0 |      13 |       0 |   0.0
     Lair:1 |    2495 |     819 |  24.7 |      14 |       7 |  33.3
     Lair:2 |    2729 |    3178 |  53.8 |      15 |      32 |  68.1
     Lair:3 |    4476 |    1391 |  23.7 |      12 |       4 |  25.0
    Volcano |       0 |    1734 | 100.0 |       0 |       4 | 100.0
            +---------+---------+-------+---------+---------+-------
